 Dungeon Crawl Stone Soup version 0.27-a0-1184-ge86db4a01e (webtiles) character file.

Game seed: 15319327098472261602

1218 porpoise the Conjurer (level 8, 0/78 HPs)
             Began as an Octopode Conjurer on May 19, 2021.
             Succumbed to Duvessa's poison
             ... on level 5 of the Dungeon.
             The game lasted 00:16:04 (6209 turns).

porpoise the Conjurer (Octopode Conjurer)           Turns: 6209, Time: 00:16:05

Health: 0/78       AC: 24    Str:  6    XL:     8   Next: 46%
Magic:  7/15       EV:  2    Int: 22    God:
Gold:   347        SH:  5    Dex: 11    Spells: 6/17 levels left

rFire    . . .     SeeInvis .   a - +1 short sword (protect)
rCold    . . .     Faith    .   (no shield)
rNeg     + + +     Spirit   .   (helmet currently unavailable)
rPois    +         Reflect  +   q - amulet of reflection
rElec    .         Harm     .   (no ring)
rCorr    .         Rampage  .   (no ring)
Will     .....     NoTele   +   (no ring)
Stlth    +++.......             (no ring)
HPRegen  0.23/turn              (no ring)
MPRegen  0.14/turn              (no ring)
                                (no ring)
                                (no ring)

@: lethally poisoned (0 -> -13), tree-form, very slightly contaminated
A: stationary, stasis, torment immunity, boosted hp, almost no armour,
(amphibious), 8 rings, (camouflage 1), (gelatinous body 1), (nimble swimmer 1),
(tentacles)
a: no special abilities


You were on level 5 of the Dungeon.
You were a tree.
You visited 1 branch of the dungeon, and saw 5 of its levels.

You collected 347 gold pieces.

Inventory:

Hand Weapons
 a - a +1 short sword of protection (weapon)
Missiles
 b - 17 sling bullets
 e - 124 stones
 i - 20 poisoned darts (quivered)
 n - 6 boomerangs
Jewellery
 q - an amulet of reflection (around neck)
Wands
 p - a wand of acid (6)
 w - a wand of polymorph (6)
Scrolls
 h - 2 scrolls of blinking
 k - a scroll of fear {unknown}
 l - a scroll of silence {unknown}
 m - 2 scrolls of teleportation
 r - a scroll of identify {unknown}
 s - 2 scrolls of acquirement {unknown}
 t - a scroll of fog {unknown}
 v - a scroll of holy word {unknown}
Potions
 d - a potion of brilliance {unknown}
 f - a potion of haste {unknown}
 g - a potion of mutation {unknown}
 j - a potion of heal wounds {unknown}
 o - a potion of invisibility {unknown}
 u - a potion of resistance {unknown}
 x - a potion of magic {unknown}


   Skills:
 * Level 3.5 Fighting
 * Level 2.8 Dodging
 + Level 7.0 Stealth
 - Level 5.0 Spellcasting
 - Level 7.0 Conjurations


You had 6 spell levels left.
You knew the following spells:

 Your Spells              Type           Power      Damage    Failure   Level
a - Magic Dart            Conj           100%       1d8       1%          1
b - Searing Ray           Conj           72%        3d6       1%          2
c - Iskenderun's Mystic   Conj/Tloc      20%        2d6       24%         4
d - Fulminant Prism       Conj/Hex       10%        3d9       24%         4

Your spell library contained the following spells:

 Spells                   Type           Power      Damage    Failure   Level
 Foxfire                  Conj/Fire      80%        2x1d8     2%          1
 Conjure Flame            Conj/Fire      20%        6-21      7%          3
 Dazzling Flash           Conj/Hex       40%        N/A       7%          3
 Corona                   Hex            5%         N/A       10%         1
 Slow                     Hex            5%         N/A       16%         2
 Sticky Flame             Conj/Fire      20%        2d4       24%         4
 Confusing Touch          Hex            5%         N/A       30%         3
 Gell's Gravitas          Tloc           2%         N/A       30%         3
 Inner Flame              Hex/Fire       5%         N/A       30%         3
 Portal Projectile        Hex/Tloc       10%        N/A       30%         3
 Fireball                 Conj/Fire      10%        3d6       54%         5
 Cause Fear               Hex            2%         N/A       69%         4
 Leda's Liquefaction      Hex/Erth       2%         N/A       69%         4
 Petrify                  Tmut/Erth      5%         N/A       69%         4
 Metabolic Englaciation   Hex/Ice        2%         N/A       95%         5
 Yara's Violent Unravell  Hex/Tmut       2%         3d3       95%         5


Dungeon Overview and Level Annotations

Branches:
Dungeon (5/15)
 Temple: D:4-7

Altars:
Gozag

Annotations:
D:5 Duvessa


Innate Abilities, Weirdness & Mutations

You are a tree.
Your roots penetrate the ground, keeping you stationary.
You cannot be teleported.
You are immune to unholy pain and torment.
Your maximum health is greatly increased.
Your equipment is partially melded.
You cannot wear most types of armour.
((You are amphibious.))
You can wear up to eight rings at the same time.
((Your skin changes colour to match your surroundings (Stealth+).))
((Your rubbery body absorbs attacks. (AC +1, EV +1)))
((You are camouflaged near water. (Stealth+)))
((You have tentacles for arms and can constrict up to eight enemies at once.))


Message History

Dowan is moderately wounded. (Press . to maintain the ray.) Duvessa shouts!
The searing ray hits Dowan!
Dowan is almost dead.
Dowan gestures at you while chanting. The puff of flame hits you!
The searing ray hits Dowan!
You kill Dowan!
Duvessa screams, "No!
How DARE you!"
Duvessa goes berserk!
Your Stealth skill increases to level 7!
Casting: Searing Ray (safe; 1% risk of failure)
Confirm with . or Enter, or press ? or * to list all spells.
Okay, then.
Unknown command.
The searing ray hits Duvessa but does no damage.
You finish channeling your searing ray.
You block Duvessa's attack.
Casting: Searing Ray (safe; 1% risk of failure)
Confirm with . or Enter, or press ? or * to list all spells.
The spell is quite dangerous to cast (24% risk of failure)!
Continue anyway?
You miscast Iskenderun's Mystic Blast.
You are very lightly contaminated with residual magic.
You are caught in a violent explosion!
Duvessa hits you with a +3 rapier of venom!
You are poisoned.
Duvessa closely misses you.
Okay, then.
Unknown command.
Aiming: Corrosive Bolt
Press: ? - help, Shift-Dir - straight line, f - Duvessa
Aim: Duvessa, wielding a +3 rapier of venom and wearing a +0 chain mail (berserk, 83% to hit)
The bolt of acid hits Duvessa!
Duvessa is splashed with acid.
Duvessa is moderately wounded.
You feel very sick.
Duvessa hits you with a +3 rapier of venom!!
* * * LOW HITPOINT WARNING * * *
It was a potion of lignification.
You turn into a tree.
Your roots penetrate the ground.
You die...

## ###### .e. #....# ...e #####
#.##.#### ..... ###...#
#.##♣e).#...... ###
#..<..######.............. #..
#......................>.. #..
#.....#......##..######### ##.#
#.........)#.##...# #.# #..#
#............###..## ##.##
##... ##..###.#......#...#
#...# #..##
#........##.#.#.#.###.#.###.###
#.####......#.#.#..#..#..#..#..


You could see Duvessa (berserk).

Vanquished Creatures
  Grinder (D:5)
  A water moccasin (D:5)
  An ice beast (D:5)
  A necrophage (D:5)
  A phantom (D:5)
  Blork the orc (D:5)
  A scorpion (D:5)
  A wyvern skeleton (D:5)
  Dowan (D:5)
  A jelly (D:5)
  A bullfrog skeleton (D:4)
  2 orc priests
  A hound (D:5)
  Ijyb (D:3)
  2 iguanas (D:5)
  A scorpion zombie (D:5)
  9 adders
  A worm (D:2)
  2 dart slugs
  16 orcs
  5 ball pythons
  8 endoplasms
  4 giant cockroaches
  7 goblins
  11 hobgoblins
  3 jackals (D:1)
  7 quokkas
  2 frilled lizards (D:1)
  6 kobolds
  10 rats
109 creatures vanquished.

Notes
Turn   | Place    | Note
-------+----------+-------------------------------------------
     0 | D:1      | porpoise the Octopode Conjurer began the quest for the Orb.
     0 | D:1      | Reached XP level 1. HP: 11/11 MP: 3/3
   381 | D:1      | Reached XP level 2. HP: 17/17 MP: 1/5
   438 | D:1      | Learned a level 2 spell: Searing Ray
   905 | D:1      | Reached XP level 3. HP: 21/21 MP: 2/6
  1462 | D:2      | Reached XP level 4. HP: 27/27 MP: 1/8
  2989 | D:3      | Reached XP level 5. HP: 31/31 MP: 4/9
  3062 | D:3      | Reached skill level 5 in Conjurations
  3502 | D:3      | Found a faded altar of an unknown god.
  3506 | D:3      | Noticed Ijyb
  3817 | D:3      | Killed Ijyb
  4066 | D:4      | Found an opulent altar of Gozag.
  4175 | D:4      | Identified the +1 ring mail "Qeduoh" {Int+3}
  4387 | D:4      | Learned a level 4 spell: Iskenderun's Mystic Blast
  4392 | D:4      | Learned a level 4 spell: Fulminant Prism
  4427 | D:4      | Reached XP level 6. HP: 36/36 MP: 6/11
  5182 | D:5      | Entered Level 5 of the Dungeon
  5182 | D:5      | Noticed a water moccasin
  5294 | D:5      | Reached skill level 5 in Stealth
  5407 | D:5      | Killed a water moccasin
  5408 | D:5      | Reached XP level 7. HP: 28/41 MP: 0/13
  5631 | D:5      | Reached skill level 5 in Spellcasting
  5753 | D:5      | Reached skill level 1 in Fighting
  5879 | D:5      | Noticed Blork the orc
  5885 | D:5      | Killed Blork the orc
  5964 | D:5      | Noticed Grinder
  5968 | D:5      | Killed Grinder
  5969 | D:5      | Reached XP level 8. HP: 51/51 MP: 9/15
  6195 | D:5      | Noticed Duvessa
  6195 | D:5      | Noticed Dowan
  6205 | D:5      | Killed Dowan
  6208 | D:5      | HP: 1/52 [Duvessa/+3 rapier of venom (20)]
  6209 | D:5      | Succumbed to Duvessa's poison

Illustrated notes

Levels and vault maps discovered:
D:1:      evilmike_arrival_crescent, layout_basic
D:2:      layout_loops_ring, minmay_box_of_dots
D:3:      layout_loops_ring, ebering_ecumenical_altar_sacrificial, uniq_ijyb
D:4:      layout_gridville, grunt_gozag_statues
D:5:      black_bear_nest_1, layout_basic, serial_curves, eino_curves_02,
          eino_curves_01, eino_curves_03, eino_curves_04, uniq_duvessa,
          uniq_blork_the_orc, uniq_grinder

Skill      XL: |  1  2  3  4  5  6  7  8 |
---------------+-------------------------+-----
Stealth        | 3 4 5 6 7 |  7.0
Spellcasting   | 3 4 5 |  5.0
Conjurations   | 5 6 7 |  7.0
Fighting       | 2 3 |  3.5
Dodging        | |  2.8

Action                   |  1- 3 |  4- 6 |  7- 9 || total
-------------------------+-------+-------+-------++-------
Melee: Spear             |     5 |       |       ||     5
       Constrict         |     2 |       |       ||     2
Throw: Dart              |       |     2 |     7 ||     9
       Boomerang         |       |       |     1 ||     1
 Cast: Magic Dart        |    31 |    31 |     1 ||    63
       Searing Ray       |     6 |    46 |    13 ||    65
Evoke: Wand              |       |       |     3 ||     3
  Use: Scroll            |       |     2 |       ||     2
       Potion            |       |       |     1 ||     1
Armor: Skin              |     1 |       |       ||     1
Dodge: Dodged            |     6 |     4 |     5 ||    15
Block: Other             |       |       |     3 ||     3

Table legend: (Time is in decaauts)
 A = Elapsed time spent in this place.
 B = Non-inter-level travel time spent in this place.
 C = Inter-level travel time spent in this place.
 D = Time resting spent in this place.
 E = Time spent auto-exploring this place.
 F = Levels seen in this place.
 G = Mean time per level.
                   A        B        C        D        E       F      G
               +--------+--------+--------+--------+--------+-----+--------+
         Total |   6211 |   6003 |    208 |   2669 |   2606 |   5 | 1242.2 |
       Dungeon |   6211 |   6003 |    208 |   2669 |   2606 |   5 | 1242.2 |
               +--------+--------+--------+--------+--------+-----+--------+

Top non-repeatable levels by time:
     D:3: 1446 daAuts
     D:1: 1357 daAuts
     D:4: 1270 daAuts
     D:2: 1258 daAuts
     D:5: 879 daAuts
